 Dungeon Crawl Stone Soup version 0.30-b1-5-g8e6c1be481 (webtiles) character file.

Game seed: 89277224714940286

51 Silvore the Shield-Bearer (level 3, -16/33 HPs)
             Began as a Minotaur Fighter on May 5, 2023.
             Blown up by Ijyb (18 damage)
             ... with a mindburst bolt
             ... on level 3 of the Dungeon.
             The game lasted 00:01:37 (1458 turns).

Silvore the Shield-Bearer (Minotaur Fighter)        Turns: 1458, Time: 00:01:38

Health: -16/33     AC:  9    Str: 22    XL:     3   Next: 57%
Magic:  2/2        EV:  7    Int:  5    God:
Gold:   105        SH:  9    Dex:  9    Spells: 2/2 levels left

rFire   . . .        a - +0 long sword
rCold   . . .        e - +1 kite shield {reflect}
rNeg    . . .        l - +0 chain mail
rPois   .            (helmet restricted)
rElec   .            (no cloak)
rCorr   .            (no gloves)
SInv    .            (no boots)
Will    .....        (no amulet) Stlth
                     (no ring)
HPRegen 0.25/turn    (no ring)
MPRegen 0.08/turn

%: reflection
@: no status effects
A: horns 2, retaliatory headbutt
a: no special abilities


You were on level 3 of the Dungeon.
You visited 1 branch of the dungeon, and saw 3 of its levels.

You collected 105 gold pieces.

Inventory:

Hand Weapons
 a - a +0 long sword (weapon)
Armour
 b - a +0 scale mail
 c - a +0 buckler
 e - a +1 kite shield of reflection (worn)
 l - a +0 chain mail (worn)
Potions
 d - a potion of might
 f - a potion of mutation {unknown}
 g - a potion of invisibility
 h - 2 potions of curing
 i - a potion of brilliance
 j - a potion of flight


   Skills:
 + Level 4.1 Fighting
 + Level 3.2 Long Blades
 + Level 4.1 Armour
 + Level 0.3 Dodging
 + Level 4.2 Shields


You had 2 spell levels left.
You didn't know any spells.
Your spell library contained the following spells:

 Spells                   Type           Power      Damage    Failure   Level
 Freeze                   Ice            0%         1d3       100%        1
 Magic Dart               Conj           0%         1d3       100%        1
 Call Imp                 Summ           0%         N/A       100%        2
 Frozen Ramparts          Ice            0%         1d1       100%        3
 Hailstorm                Conj/Ice       0%         3d3       100%        3
 Mephitic Cloud           Conj/Pois/Air  0%         N/A       100%        3


Dungeon Overview and Level Annotations

Branches:
Dungeon (3/15)

Altars:

Shops:
D:2 *

Annotations:
D:3 Ijyb


Innate Abilities, Weirdness & Mutations

You have a pair of horns on your head.
You reflexively headbutt those who attack you in melee.


Message History

You barely miss Ijyb. You headbutt Ijyb, but do no damage.
Ijyb is moderately wounded.
You block Ijyb's attack. Ijyb hits you but does no damage.
You hit Ijyb. You headbutt Ijyb.
Ijyb is heavily wounded.
Ijyb hits you with a +0 club.
You closely miss Ijyb.
Ijyb is heavily wounded.
Ijyb zaps a wand.
You barely resist. Ijyb hits you but does no damage.
You barely miss Ijyb. Your headbutt misses Ijyb.
Ijyb is heavily wounded.
You block Ijyb's attack.
You closely miss Ijyb.
Ijyb is heavily wounded.
Ijyb barely misses you.
You closely miss Ijyb.
Ijyb is heavily wounded.
Ijyb completely misses you. You furiously retaliate!
You headbutt Ijyb! You barely miss Ijyb.
Ijyb is almost dead.
Ijyb zaps a wand.
Your mind is blasted!
You block Ijyb's attack.
You hit Ijyb but do no damage. You headbutt Ijyb, but do no damage.
Ijyb is almost dead.
Ijyb zaps a wand.
Your mind is blasted!
Ouch! That really hurt!
* * * LOW HITPOINT WARNING * * *
You hit Ijyb.
Ijyb is almost dead.
Ijyb hits you with a +0 club.
* * * LOW HITPOINT WARNING * * *
Ijyb hits you but does no damage.
You hit Ijyb but do no damage.
Ijyb is almost dead.
Ijyb hits you but does no damage.
Unknown command.
You hit Ijyb but do no damage. Your headbutt misses Ijyb.
Ijyb is almost dead.
Ijyb zaps a wand.
Your mind is blasted!
Ouch! That really hurt!
You die...

##
###########.#
........g...#
....)..@..#
#########.#
#<...#.#
####.#.#
####.#.#
#....#.#
#.####.#
#......#
########


You could see Ijyb.

Vanquished Creatures
  An adder (D:2)
  6 endoplasms (D:1)
  A giant cockroach (D:1)
  5 goblins
  2 jackals (D:1)
  2 kobolds (D:1)
  3 quokkas (D:1)
  4 ball pythons (D:1)
  6 bats
  4 frilled lizards
  6 rats
40 creatures vanquished.

Notes
Turn   | Place    | Note
-------+----------+-------------------------------------------
     0 | D:1      | Silvore the Minotaur Fighter began the quest for the Orb.
     0 | D:1      | Reached XP level 1. HP: 19/19 MP: 0/0
    60 | D:1      | Reached XP level 2. HP: 27/27 MP: 1/1
   509 | D:1      | Reached XP level 3. HP: 33/33 MP: 2/2
   710 | D:1      | Found a faded altar of an unknown god.
  1061 | D:2      | Found Uleiv's General Store.
  1443 | D:3      | Noticed Ijyb
  1458 | D:3      | Blown up by Ijyb

Illustrated notes

Levels and vault maps discovered:
D:1:      dpeg_arrival_short_road, layout_basic,
          hellmonk_ecumenical_altar_slurped_away, nrook_loot_triangle
D:2:      layout_basic, serial_shops, nicolae_shop_rolling_square
D:3:      layout_basic, gammafunk_ghost_stat_death, uniq_ijyb

Skill      XL: |  1  2  3 |
---------------+----------+-----
Fighting       | 4 |  4.1
Armour         | 4 |  4.1
Long Blades    | 3 |  3.2
Shields        | 4 |  4.2
Dodging        | |  0.3

Action                     || total
---------------------------++-------
  Melee: Long sword        ||   104
         Headbutt          ||    13
    Use: Scroll            ||     7
 Armour: Scale mail        ||    48
         Chain mail        ||     9
  Dodge: Dodged            ||    38
  Block: Buckler           ||     2
         Kite shield       ||    47
         Reflection        ||     2
